 Dungeon Crawl Stone Soup version 0.30-b1-2-g02819fbbbe (webtiles) character file.

Game seed: 207010869112183380

30 Alarkh the Digger (level 3, 24/24 HPs)
             Began as a Demonspawn Earth Elementalist on May 30, 2023.
             Got out of the dungeon alive.
             The game lasted 00:01:16 (1099 turns).

Alarkh the Digger (Demonspawn Earth Elementalist)   Turns: 1099, Time: 00:01:17

Health: 24/24      AC:  2    Str:  8    XL:     3   Next: 5%
Magic:  6/6        EV: 12    Int: 18    God:
Gold:   76         SH:  0    Dex: 13    Spells: 5/6 levels left

rFire   . . .        d - +0 whip (venom)
rCold   . . .        (no shield)
rNeg    . . .        a - +0 robe
rPois   .            (no helmet)
rElec   .            (no cloak)
rCorr   .            (no gloves)
SInv    .            (no boots)
Will    .....        k - amulet of magic regeneration
Stlth   ++           (no ring)
HPRegen 0.24/turn    (no ring)
MPRegen 0.50/turn

%: no passive effects
@: no status effects
A: ignite blood 1, spiny 1
a: no special abilities


You escaped.
You visited 1 branch of the dungeon, and saw 2 of its levels.

You collected 76 gold pieces.

Inventory:

Hand Weapons
 d - a +0 whip of venom (weapon)
Armour
 a - a +0 robe (worn)
Jewellery
 k - an amulet of magic regeneration (around neck)
Scrolls
 f - a scroll of immolation {unknown}
 g - a scroll of torment {unknown}
 i - 2 scrolls of identify {unknown}
Potions
 b - a potion of magic
 c - a potion of experience {unknown}
 e - 3 potions of curing {unknown}
 h - a potion of invisibility {unknown}


   Skills:
 - Level 1.7 Dodging
 - Level 1.7 Stealth
 + Level 2.4 Spellcasting
 - Level 0.8 Transmutations
 * Level 3.5 Earth Magic


You had 5 spell levels left.
You knew the following spells:

 Your Spells              Type           Power      Damage    Failure   Level
a - Sandblast             Erth           28%        2d8       4%          1

Your spell library contained the following spells:

 Spells                   Type           Power      Damage    Failure   Level
 Passwall                 Tmut/Erth      8%         N/A       11%         2
 Stone Arrow              Conj/Erth      16%        3d8       26%         3
 Petrify                  Tmut/Erth      10%        N/A       56%         4


Dungeon Overview and Level Annotations

Branches:
Dungeon (2/15)

Altars:

Shops:
D:1 [


Innate Abilities, Weirdness & Mutations

Your demonic aura sometimes causes spilled blood to erupt in flames.
You are partially covered in sharp spines.


Message History

Confirm with . or Enter, or press ? or * to list all spells.
You can't see any susceptible monsters within range! (Use Z to cast anyway.)
A worm comes into view.
A worm is nearby!
A worm is nearby!
An endoplasm comes into view.
Casting: Sandblast (safe; 4% risk of failure)
Confirm with . or Enter, or press ? or * to list all spells.
Aiming: Sandblast (safe; 4% risk of failure)
Press: ? - help, Shift-Dir - straight line, f - worm
Aim: a worm (94% to hit)
The blast of sand hits the worm!
The worm is heavily wounded.
Casting: Sandblast (safe; 4% risk of failure)
Confirm with . or Enter, or press ? or * to list all spells.
Aiming: Sandblast (safe; 4% risk of failure)
Press: ? - help, Shift-Dir - straight line, f/p - worm
Aim: a worm (moderately wounded, 94% to hit)
The blast of sand hits the worm!
You kill the worm!
You have reached level 3!
Your experience leads to an increase in your attributes!
Increase (S)trength, (I)ntelligence, or (D)exterity?
You feel clever. x2; Your demonic ancestry asserts itself...
Sharp spines emerge from parts of your body.
Casting: Sandblast (safe; 4% risk of failure)
Confirm with . or Enter, or press ? or * to list all spells.
Aiming: Sandblast (safe; 4% risk of failure)
Press: ? - help, Shift-Dir - straight line, f - endoplasm
Aim: an endoplasm (asleep, 100% to hit)
The blast of sand hits the endoplasm!
You kill the endoplasm!
You open the door.
There is an open door here.
There is a stone staircase leading up here.
You climb upwards.
There is a stone staircase leading down here.
There is a staircase leading out of the dungeon here.
Are you sure you want to leave the Dungeon?
This will make you lose the game!
You have escaped!

####.#.#...#.#...#.#...#
#..(. #.#.###.###.###.###.#
#..## #.#..^#>....#..>..#.#
#..## #...###.###.#.###.#.#
#...# ###.#...#.#.#.#.#.#.###
#....
#.#####.#.###.###...####.#.#
#.....†.#>........#.......†.
#.#####.#.###.###.########.#
#.#...#.#.#@#.#.#.# #.#
##.###.###.#.###.#.# ##.#
#....#>....#..>..#.# ##...
#..###.###.###.###.# ##.###
#..#...#.#...#.#...# ##.## #
#..#####.#####.###.# #..#
#..................####..####
#
#....##..########.##.>.....##
######..####.#
#................


There were no monsters in sight!

Vanquished Creatures
  2 worms (D:2)
  A dart slug (D:2)
  5 ball pythons (D:1)
  2 endoplasms (D:2)
  A hobgoblin (D:2)
  2 kobolds (D:1)
  3 bats
  3 frilled lizards (D:1)
  A goblin (D:2)
  3 rats
23 creatures vanquished.

Notes
Turn   | Place    | Note
-------+----------+-------------------------------------------
     0 | D:1      | Alarkh the Demonspawn Earth Elementalist began the quest
                  | for the Orb.
     0 | D:1      | Reached XP level 1. HP: 13/13 MP: 3/3
   222 | D:1      | Found Anuxos's Armour Boutique.
   241 | D:1      | Reached skill level 3 in Earth Magic
   277 | D:1      | Gained mutation: Your demonic aura sometimes causes spilled
                  | blood to erupt in flames. [demonic ancestry]
   277 | D:1      | Reached XP level 2. HP: 19/19 MP: 3/5
  1057 | D:2      | Gained mutation: You are partially covered in sharp spines.
                  | [demonic ancestry]
  1057 | D:2      | Reached XP level 3. HP: 24/24 MP: 4/6
  1099 | D:$      | Got out of the dungeon alive.

Illustrated notes

Levels and vault maps discovered:
D:1:      evilmike_arrival_hilbert_curve, layout_loops_ring, serial_shops,
          nicolae_shop_waterfront
D:2:      layout_loops_corners

Skill      XL: |  1 |
---------------+----+-----
Earth Magic    | 3 |  3.5
Dodging        | |  1.7
Stealth        | |  1.7
Spellcasting   | |  2.4
Transmutations | |  0.8

Action                     || total
---------------------------++-------
   Cast: Sandblast         ||    27
 Armour: Robe              ||     1
  Dodge: Dodged            ||     6
